 Dungeon Crawl Stone Soup version 0.30-a0-1082-g70414cbcbb (webtiles) character file.

Game seed: 6195593996501764365

227205 Zeldest the Executioner (level 18, -13/146 HPs)
             Began as a Mummy Gladiator on Apr 16, 2023.
             Was an Elder of Okawaru.
             Killed from afar by Mara (illusionary) (25 damage)
             ... with a bolt of fire
             ... in the Arena.
             The game lasted 00:52:21 (34527 turns).

Zeldest the Executioner (Mummy Gladiator)          Turns: 34527, Time: 00:52:21

Health: -13/146    AC: 40    Str: 29    XL:     18   Next: 23%
Magic:  8/26       EV: 15    Int:  7    God:    Okawaru [****..]
Gold:   1490       SH:  0    Dex: 21    Spells: 17/17 levels left

rFire   x . .      SeeInvis .    a - +2 battleaxe (vamp)
rCold   + + .      Faith    +    (shield currently unavailable)
rNeg    + + +      Spirit   .    q - +15 Maxwell's patent armour {-Cast -Tele rElec Will+ rCorr}
rPois   ∞          Reflect  .    P - +1 helmet of Wariness {Str+2}
rElec   +          Rampage  .    D - scarf of Bad Feelings {shadows, Str+3 Int-5 Dex+7 Stlth+}
rCorr   +          NoTele   +    (no gloves)
Will    +++..      NoCast   +    o - +1 pair of boots of Fyet {rElec rPois Int+4 Stlth-} Stlth
                                 u - amulet of the acrobat
HPRegen 0.44/turn                p - ring of flight
MPRegen 0.20/turn                E - ring "Podiapsoa" {Contam rElec rC+ AC+4 Slay+2}

@: heroic, finesse-ful, flying, duelling
A: cold resistance 1, negative energy resistance 3, torment resistance 2, heat
vulnerability 1, in touch with death 2, no potions, faith
}: 2/15 runes: serpentine, barnacled
a: Renounce Religion, Heroism, Finesse


You were in the Arena.
You worshipped Okawaru.
Okawaru was greatly pleased with you.
You visited 6 branches of the dungeon, and saw 31 of its levels.
You also visited: Ice Cave and Volcano.

You collected 2960 gold pieces.
You spent 1470 gold pieces at shops.

Inventory:

Hand Weapons
 a - a +2 vampiric battleaxe (weapon)
 b - a +3 executioner's axe of freezing
Missiles
 d - 7 throwing nets (quivered)
 e - 13 javelins
 r - 9 curare-tipped darts
 M - 3 silver javelins
Armour
 j - the +1 buckler "Wismi" {rN++ Will++ Dex-3}
   (You acquired it in an ice cave)

   Dex:       It affects your dexterity (-3).
   rN:        It greatly protects you from negative energy.
   Will:      It greatly increases your willpower.
 o - the +1 pair of boots of Fyet (worn) {rElec rPois Int+4 Stlth-}
   (Okawaru gifted it to you on level 2 of the Snake Pit)

   Int:       It affects your intelligence (+4).
   rElec:     It insulates you from electricity.
   rPois:     It protects you from poison.
   Stlth:     It makes you less stealthy.
 q - the +15 Maxwell's patent armour (worn) {-Cast -Tele rElec Will+ rCorr}
   (Okawaru gifted it to you on level 12 of the Dungeon)

   rElec:     It insulates you from electricity.
   -Cast:     It prevents spellcasting.
   -Tele:     It prevents most forms of teleportation.
   rCorr:     It protects you from acid and corrosion.
   Will:      It increases your willpower.
 D - the scarf of Bad Feelings (worn) {shadows, Str+3 Int-5 Dex+7 Stlth+}
   (Okawaru gifted it to you on level 11 of the Dungeon)

   Str:       It affects your strength (+3).
   Int:       It affects your intelligence (-5).
   Dex:       It affects your dexterity (+7).
   Stlth:     It makes you more stealthy.
 P - the +1 helmet of Wariness (worn) {Str+2}
   (Okawaru gifted it to you on level 15 of the Dungeon)

   Str:       It affects your strength (+2).
Jewellery
 l - a ring of resist corrosion
 m - an amulet of guardian spirit
 p - a ring of flight (left hand)
 u - an amulet of the acrobat (around neck)
 E - the ring "Podiapsoa" (right hand) {Contam rElec rC+ AC+4 Slay+2}
   (You found it in an ice cave)

   [ring of protection]

   AC:        It affects your AC (+4).
   Slay:      It affects your accuracy & damage with ranged weapons and melee
   (+2).
   rC:        It protects you from cold.
   rElec:     It insulates you from electricity.
   Contam:    It causes magical contamination when unequipped.
 L - a ring of protection from fire
Wands
 g - a wand of digging (24)
 t - a wand of quicksilver (11)
 y - a wand of flame (12)
 z - a wand of paralysis (15)
 A - a wand of roots (2)
Scrolls
 c - 7 scrolls of immolation
 f - 3 scrolls of fear
 h - 18 scrolls of identify
 k - a scroll of brand weapon
 n - 2 scrolls of torment
 s - 3 scrolls of poison
 w - 2 scrolls of silence
 x - 15 scrolls of teleportation
 B - 5 scrolls of amnesia
 C - 5 scrolls of blinking
 F - 5 scrolls of magic mapping
 G - 11 scrolls of fog
 I - 5 scrolls of vulnerability
 N - a scroll of enchant weapon
Miscellaneous
 i - a lightning rod (4/4)


   Skills:
 + Level 14.2(19.2) Fighting
 + Level 21.0(26.0) Axes
 - Level 1.5(6.5) Throwing
 + Level 8.5(13.5) Armour
 + Level 7.0(12.0) Dodging
 - Level 4.3(9.3) Shields
 + Level 11.3 Invocations


You had 17 spell levels left.
You didn't know any spells.
Your spell library contained the following spells:

 Spells                   Type           Power      Damage    Failure   Level
 Magic Dart               Conj           0%         1d3       96%         1
 Cigotuvi's Dreadful Rot  Necr/Pois/Air  0%         N/A       99%         2
 Poisonous Vapours        Pois/Air       0%         N/A       99%         2
 Ignite Poison            Fire/Tmut/Pois 0%         N/A       100%        3
 Mephitic Cloud           Conj/Pois/Air  0%         N/A       100%        3
 Ozocubu's Armour         Ice            0%         N/A       100%        3
 Portal Projectile        Hex/Tloc       0%         N/A       100%        3
 Anguish                  Hex/Necr       0%         N/A       100%        4
 Cause Fear               Hex            0%         N/A       100%        4
 Dispel Undead            Necr           0%         3d6       100%        4
 Borgnjor's Vile Clutch   Necr/Erth      0%         N/A       100%        5
 Freezing Cloud           Conj/Ice/Air   0%         6-21      100%        5
 Enfeeble                 Hex            0%         N/A       100%        7
 Ozocubu's Refrigeration  Ice            0%         4d7       100%        7
 Lehudib's Crystal Spear  Conj/Erth      0%         10d2      100%        8
 Fire Storm               Conj/Fire      0%         5d1       100%        9
 Sublimation of Blood     Necr           Unusable   N/A       N/A         2
 Wereblood                Tmut           Unusable   N/A       N/A         2
 Tukima's Dance           Hex            Unusable   N/A       N/A         3
 Animate Dead             Necr           Unusable   N/A       N/A         4
 Blade Hands              Tmut           Unusable   N/A       N/A         5
 Death Channel            Necr           Unusable   N/A       N/A         6
 Summon Hydra             Summ           Unusable   N/A       N/A         7

Dungeon Overview and Level Annotations

Branches:
Dungeon (15/15) Zot: 24655  Temple (1/1) D:6 Zot: 5970    Lair (5/5) D:9 Zot: 23073
 Shoals (4/4) Lair:3 Zot: 19894   Snake (4/4) Lair:2 Zot: 20531   Slime (0/5) Lair:5
    Orc (2/2) D:12 Zot: 10862     Elf (0/3) Orc:2        Vaults (0/5) D:14
 Depths (0/4) D:15          IceCv (visited)         Volcano (visited)

Altars:
Cheibriados
Dithmenos
Fedhas
Gozag
Hepliaklqana
Kikubaaqudgha
Makhleb
Okawaru
Qazlal
Ru
Trog
Uskayaw
Vehumet
Wu Jian
Xom
Yredelemnul
Jiyva

Shops:
D:3 =   D:8 =   D:14 *   Orc:2 ?**?   Shoals:1 =   Shoals:2 (   Shoals:3 !
Snake:2 =

Annotations:
D:8 1 runed translucent door
D:9 2 transporters
D:11 2 transporters, cforsyth's ghost, journeyman OpSu
D:14 1 transporter, Pooter's ghost, journeyman DsBe
Shoals:1 1 runed translucent door, exclusion: oklob plant, testman's ghost, journeyman DsVM Arena Mara


Innate Abilities, Weirdness & Mutations

You are immune to poison.
Your flesh is cold resistant. (rC+)
You are immune to negative energy. (rN+++)
You are immune to unholy pain and torment.
You are vulnerable to heat. (rF-)
You are strongly in touch with the powers of death.
You do not drink.
You have a special connection with the divine. (Faith)


Message History

There is a horrible, sudden wrenching feeling in your soul!
The grasping roots constrict Mara.
The roots release their grip on Mara.
Mara hits you with a +3 demon blade of draining.
* * * LOW HITPOINT WARNING * * *
Zeldest's illusion hits you!
* * * LOW HITPOINT WARNING * * *
You slash Mara!
Mara is heavily wounded.
You miss Zeldest's illusion. You slice Mara!!
Mara is severely wounded.
You hit Zeldest's illusion but do no damage.
You open Mara like a pillowcase!!!
Mara is almost dead.
You hit Zeldest's illusion.
Mara growls.
Mara hits you but does no damage. Zeldest's illusion hits you!
* * * LOW HITPOINT WARNING * * *
You hit Mara.
Mara is almost dead.
You hit Zeldest's illusion but do no damage.
Okay, then.
You closely miss Mara.
Mara is almost dead.
You hit Zeldest's illusion but do no damage.
You barely miss Mara.
Mara is almost dead.
You barely miss Zeldest's illusion.
Mara shimmers.
Mara shimmers and seems to become three!
Zeldest's illusion hits you but does no damage.
You hit Mara.
Mara is almost dead.
You miss Zeldest's illusion. Mara hits you but does no damage.
Mara gestures at you.
The bolt of fire hits Mara.
Mara resists.
Mara dies!
Mara shimmers and vanishes!
The bolt of fire hits you!! The fire burns you terribly!
You die...

#########
##..p▓∩▓p..#
##▓▓▓▓▓▓▓▓▓▓▓#
#.▓R........▓.
#.▓R#.....#.▓.
#p▓.........▓p
#▓▓..@......▓▓
#p▓..@.∩....▓p
#▓▓.........▓▓
#p▓.........▓p
#.▓.#.....#.▓.
#.▓.........▓.
##▓▓▓▓▓▓▓▓▓▓▓#
##..p▓p▓p..#


You could see 2 Maras and Zeldest's illusion.

Vanquished Creatures
  Vashnia (Snake:4)
  Bai Suzhen (Snake:3)
  Polyphemus (Shoals:4)
  2 krakens
  Frances (D:13)
  Kirke (Lair:4)
  3 nagarajas
  Aizul (Snake:3)
  A frost giant (IceCv)
  Azrael (D:15)
  6 merfolk impalers
  3 merfolk javelineers
  An ettin (D:15)
  Fannar (D:10)
  9 hydras
  3 catoblepae
  2 salamander tyrants (Snake:4)
  Erica (Lair:1)
  4 vault guards (D:14)
  An ogre mage (D:14)
  4 boulder beetles
  3 centaur warriors
  3 merfolk aquamancers (Shoals:4)
  2 alligator snapping turtles
  8 two-headed ogres
  2 satyrs (Shoals:3)
  2 merfolk avatars
  10 naga warriors
  16 anacondas
  A death knight (D:14)
  12 death yaks
  3 tengu warriors
  Urug (Lair:4)
  8 shock serpents
  3 orc high priests (Orc:2)
  8 naga sharpshooters (Snake:4)
  4 skysharks
  4 salamander mystics (Snake:4)
  12 sea snakes
  A deep troll (D:15)
  A kraken simulacrum (Shoals:4)
  4 naga ritualists
  A lindwurm (Snake:4)
  2 wizards (D:15)
  5 deep elf pyromancers
  21 harpies
  7 orc knights
  6 orc sorcerers
  15 salamanders
  7 mana vipers
  5 cyclopes
  17 manticores
  6 fauns
  3 elephants (Lair:5)
  15 ugly things
  3 merfolk sirens
  An ice statue (IceCv)
  A guardian serpent (shapeshifter) (D:13)
  7 guardian serpents
  9 cane toads
  A molten gargoyle (Volcano)
  34 black mambas
  14 naga magi
  3 water nymphs
  A gargoyle (D:10)
  Maggie (D:8)
  Psyche (D:8)
  6 komodo dragons
  3 rime drakes (Lair:5)
  2 tengu conjurers (D:12)
  22 polar bears
  A queen bee (shapeshifter) (D:14)
  2 freezing wraiths
  A hornet (D:11)
  A troll (D:11)
  26 merfolk
  7 wind drakes
  7 snapping turtles
  5 raiju (Lair:5)
  6 blink frogs
  12 slime creatures
  9 dream sheep
  3 shadows
  A ynoxinul (Lair:5)
  35 yaks
  4 wyverns
  A vampire (D:12)
  5 wraiths
  A fire elemental (D:15)
  10 humans
  4 basilisks
  5 water elementals
  3 hogs (Lair:4)
  A steam dragon (D:10)
  Grum (D:8)
  7 vampire mosquitoes
  4 wargs (Lair:5)
  32 nagas
  2 acid dragons
  10 water moccasins
  14 hell hounds
  14 black bears
  25 orc warriors
  A sky beast (D:7)
  An ice beast (D:6)
  4 ogres
  3 boggarts (D:14)
  38 wolves
  6 centaurs
  2 phantoms (D:7)
  2 kobold brigands
  5 bullfrogs
  A necrophage (D:4)
  A water moccasin zombie (D:4)
  A scorpion (D:5)
  16 wights
  6 killer bees
  5 howler monkeys
  2 jellies (D:5)
  11 orc priests
  9 hounds
  A human zombie (D:4)
  An iron imp (D:10)
  4 gnoll boudas
  A sleepcap (D:4)
  2 iguanas
  A scorpion zombie (D:4)
  17 orc wizards
  A hell rat (Lair:5)
  3 hound zombies (D:4)
  A mummy (D:4)
  4 adders
  15 gnolls
  2 white imps (D:6)
  An adder zombie (D:4)
  3 worms
  2 dart slugs
  56 orcs
  3 endoplasms (D:2)
  3 giant cockroaches
  4 hobgoblins
  7 jackals
  18 kobolds
  5 quokkas
  5 ball pythons
  3 bats
  5 goblins
  2 rats (D:2)
  4 tentacles (Shoals:4)
922 creatures vanquished.

Vanquished Creatures (others)
  A merfolk impaler (Shoals:4)
  An anaconda (Snake:4)
  A merfolk avatar (Shoals:1)
  A mana viper (Snake:2)
  A harpy (Shoals:1)
  An ugly thing (D:11)
  A faun (Shoals:1)
  A guardian serpent (Snake:1)
  2 wolves (IceCv)
  9 fungi
  104 plants
  9 tentacles
132 creatures vanquished.

Grand Total: 1054 creatures vanquished

Notes
Turn   | Place    | Note
-------+----------+-------------------------------------------
     0 | D:1      | Zeldest the Mummy Gladiator began the quest for the Orb.
     0 | D:1      | Reached XP level 1. HP: 16/16 MP: 1/1
   529 | D:1      | Reached XP level 2. HP: 22/22 MP: 2/2
   721 | D:2      | Found a faded altar of an unknown god.
   770 | D:2      | Reached skill level 3 in Axes
   814 | D:2      | Gained mutation: You are in touch with the powers of death.
                  | [Mummy growth]
   814 | D:2      | Reached XP level 3. HP: 28/28 MP: 3/3
  1611 | D:3      | Found Isebirut's Jewellery Emporium.
  1714 | D:3      | Found an ornate altar of the Wu Jian Council.
  1959 | D:4      | Reached XP level 4. HP: 35/35 MP: 4/4
  1968 | D:4      | Reached skill level 4 in Axes
  2386 | D:4      | Reached XP level 5. HP: 35/41 MP: 5/5
  3094 | D:4      | Reached XP level 6. HP: 48/48 MP: 6/6
  3161 | D:4      | Reached skill level 5 in Axes
  3276 | D:4      | Reached XP level 7. HP: 4/55 MP: 7/7
  3453 | D:4      | Found a basalt altar of Yredelemnul.
  3584 | D:5      | Entered Level 5 of the Dungeon
  3595 | D:5      | Reached skill level 5 in Fighting
  3595 | D:5      | Reached skill level 6 in Axes
  4337 | D:5      | Reached XP level 8. HP: 39/64 MP: 8/8
  4464 | D:5      | Reached skill level 7 in Axes
  5101 | D:6      | Found a staircase to the Ecumenical Temple.
  5124 | Temple   | Entered the Ecumenical Temple
  5140 | Temple   | Became a worshipper of Warmaster Okawaru
  5278 | D:7      | Reached skill level 8 in Axes
  5502 | D:7      | Reached * piety under Okawaru
  5662 | D:7      | Found a shimmering altar of Xom.
  5663 | D:7      | Found a sacrificial altar of Ru.
  5668 | D:7      | Found a stormy altar of Qazlal.
  5677 | D:7      | Reached skill level 1 in Armour
  5677 | D:7      | Reached XP level 9. HP: 66/72 MP: 9/9
  6288 | D:7      | Reached ** piety under Okawaru
  6336 | D:7      | Found a hazy altar of Hepliaklqana.
  6724 | D:8      | Reached skill level 1 in Invocations
  6727 | D:8      | Reached skill level 9 in Axes
  6889 | D:8      | Noticed Grum
  7551 | D:8      | Killed Grum
  7603 | D:8      | Reached *** piety under Okawaru
  7746 | D:8      | Reached XP level 10. HP: 73/80 MP: 12/12
  7832 | D:8      | Noticed Maggie
  7843 | D:8      | Killed Maggie
  8017 | D:8      | Reached skill level 10 in Axes
  8042 | D:8      | Found Larorighoi's Jewellery Shoppe.
  8043 | D:8      | Noticed Psyche
  8048 | D:8      | Killed Psyche
  8068 | D:8      | Found a runed translucent door.
  8069 | D:8      | Found a burning altar of Makhleb.
  8069 | D:8      | Noticed a sixfirhy
  8077 | D:8      | Reached **** piety under Okawaru
  8646 | D:9      | Reached ***** piety under Okawaru
  8654 | D:9      | Found a transporter.
  8993 | D:9      | Found a transporter.
  9009 | D:9      | Found a staircase to the Lair.
  9466 | D:10     | Entered Level 10 of the Dungeon
  9499 | D:10     | Noticed a two-headed ogre
  9581 | Lair:1   | Entered Level 1 of the Lair of Beasts
  9660 | Lair:1   | Noticed a cane toad
  9671 | Lair:1   | Killed a cane toad
  9926 | Lair:1   | Noticed Erica
  9938 | Lair:1   | Killed Erica
  9939 | Lair:1   | Reached skill level 11 in Axes
  9939 | Lair:1   | Reached skill level 1 in Shields
  9939 | Lair:1   | Reached skill level 5 in Invocations
 10090 | Lair:1   | Reached XP level 11. HP: 89/89 MP: 14/14
 10692 | Lair:2   | You fall into a shaft and drop 1 floor!
 10784 | Lair:2   | Found a dark tunnel.
 10794 | Volcano  | Entered a volcano
 11132 | Lair:2   | Noticed a catoblepas
 11149 | Lair:2   | Killed a catoblepas
 11314 | Lair:2   | Found a staircase to the Snake Pit.
 11708 | Lair:3   | Identified the +1 robe "Ijixkil" {Rampage} (Okawaru gifted
                  | it to you on level 3 of the Lair of Beasts)
 11708 | Lair:3   | Received a gift from Okawaru
 11947 | Lair:3   | Noticed a seven-headed hydra
 11956 | Lair:3   | Killed a two-headed hydra
 11962 | Lair:3   | Noticed a harpy
 11980 | Lair:3   | Noticed a harpy
 11999 | Lair:2   | Killed a harpy
 12000 | Lair:2   | Reached skill level 10 in Fighting
 12167 | Lair:3   | Killed a harpy
 12277 | Lair:3   | Found a staircase to the Shoals.
 12574 | Lair:4   | Noticed Kirke
 12584 | Lair:4   | Reached skill level 12 in Axes
 12593 | Lair:4   | Noticed a lindwurm
 12593 | Lair:4   | HP: 2/90 [something (13)]
 13108 | D:10     | Noticed Fannar
 13126 | D:10     | Killed Fannar
 13521 | D:10     | Found a snail-covered altar of Cheibriados.
 13550 | D:10     | Killed a two-headed ogre
 13551 | D:10     | Reached XP level 12. HP: 65/98 MP: 16/16
 13722 | D:10     | Identified the +4 glaive "Umpueq" {flame, rN+++ Int+6
                  | Dex-5}
 13996 | D:11     | Identified the scarf of Bad Feelings {shadows, Str+3 Int-5
                  | Dex+7 Stlth+} (Okawaru gifted it to you on level 11 of the
                  | Dungeon)
 13996 | D:11     | Received a gift from Okawaru
 14066 | D:11     | Noticed a sphinx
 14069 | D:11     | Noticed cforsyth's ghost (journeyman OpSu)
 14070 | D:11     | Found a transporter.
 14078 | D:11     | Noticed a two-headed ogre
 14089 | D:11     | Found a transporter.
 14259 | D:11     | Identified a scroll of acquirement
 14260 | D:11     | Acquired a +0 crystal plate armour
 14293 | D:11     | Identified the +3 ring mail of Biybez {+Inv Str-3 Dex+3}
 14389 | D:11     | Noticed a boulder beetle
 14408 | D:11     | Killed a boulder beetle
 14725 | D:11     | Noticed a seven-headed hydra
 14732 | D:11     | Killed a three-headed hydra
 15600 | D:12     | Noticed a two-headed ogre
 15625 | D:12     | Killed a two-headed ogre
 15625 | D:12     | Reached ****** piety under Okawaru
 15625 | D:12     | Received a gift from Okawaru
 15625 | D:12     | Found the +15 Maxwell's patent armour {-Cast -Tele rElec
                  | Will+ rCorr}
 15626 | D:12     | Reached skill level 13 in Axes
 16529 | D:12     | Found a staircase to the Orcish Mines.
 16775 | Lair:4   | Killed Kirke
 16790 | Lair:4   | Noticed Urug
 16796 | Lair:4   | Killed Urug
 16840 | Lair:4   | Noticed a six-headed hydra
 16847 | Lair:4   | Killed a two-headed hydra
 16868 | Lair:4   | Gained mutation: You are strongly in touch with the powers
                  | of death. [Mummy growth]
 16868 | Lair:4   | Reached XP level 13. HP: 104/106 MP: 18/18
 17356 | Lair:5   | Entered Level 5 of the Lair of Beasts
 17388 | Lair:5   | Received a gift from Okawaru
 17421 | Lair:5   | Reached skill level 14 in Axes
 17423 | Lair:5   | Identified the +2 chain mail of Tartarus {rN+ MP-9 Dex+3}
                  | (Okawaru gifted it to you on level 5 of the Lair of Beasts)
 17423 | Lair:5   | Received a gift from Okawaru
 17439 | Lair:5   | Reached skill level 5 in Armour
 18171 | Lair:5   | Found a viscous altar of Jiyva.
 18171 | Lair:5   | Found a staircase to the Slime Pits.
 18355 | Lair:5   | Identified the +1 quarterstaff of Benevolence {spect,
                  | Fragile +Blink Str+2 Dex+3}
 18770 | Lair:5   | Identified the +0 scale mail "Xekoat" {rElec Dex+3 Stlth+}
                  | (Okawaru gifted it to you on level 5 of the Lair of Beasts)
 18770 | Lair:5   | Received a gift from Okawaru
 18961 | Lair:5   | Reached XP level 14. HP: 115/115 MP: 20/20
 18973 | Lair:5   | Reached skill level 15 in Axes
 18995 | Lair:5   | Got Wemetewo's Anthology of the Conjured Boulder
 19396 | D:13     | Found a shadowy altar of Dithmenos.
 19701 | D:13     | Noticed Frances
 19709 | D:13     | Killed Frances
 20200 | D:14     | Found Waeps's Assorted Antiques.
 20207 | D:14     | Bought a sapphire ring for 125 gold pieces
 20207 | D:14     | Bought a scroll of enchant weapon for 187 gold pieces
 20237 | Arena    | Entered the Arena
 20755 | D:14     | Reached skill level 16 in Axes
 20789 | D:14     | Found a gate to the Vaults.
 20933 | D:14     | Found a transporter.
 20933 | D:14     | Noticed Pooter's ghost (journeyman DsBe)
 20934 | D:14     | Noticed a fire giant
 20934 | D:14     | Identified the +8 great mace "Rellull" {freeze, Str+2 Int+2
                  | Stlth+}
 20934 | D:14     | Noticed a frost giant
 21024 | D:14     | Identified the +0 robe of the True Pharaoh {rElec rPois rF+
                  | Dex-3} (Okawaru gifted it to you on level 14 of the
                  | Dungeon)
 21024 | D:14     | Received a gift from Okawaru
 21277 | D:14     | Reached skill level 17 in Axes
 21544 | D:15     | Entered Level 15 of the Dungeon
 21689 | D:15     | Found a radiant altar of Vehumet.
 21895 | D:15     | Identified the +9 short sword of Purpose {antimagic, rPois
                  | SInv}
 21929 | D:15     | Identified the +1 demon blade of Offence {vamp, +Blink}
                  | (Okawaru gifted it to you on level 15 of the Dungeon)
 21929 | D:15     | Received a gift from Okawaru
 21948 | D:15     | Reached XP level 15. HP: 120/120 MP: 21/21
 22077 | Orc:1    | Entered Level 1 of the Orcish Mines
 22225 | Orc:2    | Entered Level 2 of the Orcish Mines
 22318 | Orc:2    | Found a frozen archway.
 22353 | IceCv    | Entered an ice cave
 22545 | IceCv    | Noticed a frost giant
 22568 | IceCv    | Killed a frost giant
 22575 | IceCv    | Reached skill level 18 in Axes
 22614 | IceCv    | Identified the ring "Podiapsoa" {Contam rElec rC+ AC+4
                  | Slay+2}
 22694 | IceCv    | Received a gift from Okawaru
 23104 | Orc:2    | Found a staircase to the Elven Halls.
 23317 | Orc:2    | Found Kufuss's Magic Scroll Boutique.
 23350 | Orc:2    | Received a gift from Okawaru
 23383 | Orc:2    | Found Tigyut's Assorted Antiques.
 23388 | Orc:2    | Bought a scroll of magic mapping for 82 gold pieces
 23487 | Orc:2    | Found Bashot's Magic Scroll Boutique.
 23492 | Orc:2    | Found Lechol's Assorted Antiques.
 23497 | Orc:2    | Bought a scroll labelled DOOTIL RIEL for 25 gold pieces
 23894 | D:15     | Found a staircase to the Depths.
 23923 | D:15     | Received a gift from Okawaru
 24042 | D:15     | Noticed Azrael
 24256 | Shoals:1 | Entered Level 1 of the Shoals
 24298 | Shoals:1 | Found a runed translucent door.
 24303 | Shoals:1 | Found a shimmering altar of Xom.
 24303 | Shoals:1 | Noticed testman's ghost (journeyman DsVM)
 24324 | Shoals:1 | Received a gift from Okawaru
 24344 | Shoals:1 | Reached skill level 19 in Axes
 24400 | Shoals:1 | Acquired the +1 buckler "Wismi" {rN++ Will++ Dex-3}
 25577 | Shoals:1 | Received a gift from Okawaru
 25856 | Shoals:1 | Found Rop Fogg's Jewellery Boutique.
 25860 | Shoals:1 | Bought a ring of protection from fire for 350 gold pieces
 25986 | Shoals:1 | Found an iron altar of Okawaru.
 26171 | Shoals:2 | Reached XP level 16. HP: 127/127 MP: 22/22
 26522 | D:15     | Reached skill level 20 in Axes
 26541 | D:15     | Killed Azrael
 26552 | D:15     | Identified the +1 helmet of Wariness {Str+2} (Okawaru
                  | gifted it to you on level 15 of the Dungeon)
 26552 | D:15     | Received a gift from Okawaru
 26899 | Orc:2    | Bought a scroll of brand weapon for 152 gold pieces
 26899 | Orc:2    | Bought a scroll of brand weapon for 152 gold pieces
 26899 | Orc:2    | Bought a scroll of torment for 152 gold pieces
 27708 | Snake:1  | Entered Level 1 of the Snake Pit
 28685 | Snake:2  | Identified the +1 pair of boots of Fyet {rElec rPois Int+4
                  | Stlth-} (Okawaru gifted it to you on level 2 of the Snake
                  | Pit)
 28685 | Snake:2  | Received a gift from Okawaru
 28957 | Snake:2  | Found Payno's Jewellery Shop.
 29559 | Snake:3  | Noticed Aizul
 29580 | Snake:3  | Killed Aizul
 29681 | Snake:3  | Noticed Bai Suzhen
 29713 | Arena    | Entered the Arena
 29751 | Snake:3  | Killed Bai Suzhen
 30268 | Snake:4  | Entered Level 4 of the Snake Pit
 30325 | Snake:4  | Reached XP level 17. HP: 124/135 MP: 10/24
 30329 | Snake:4  | Identified the +1 animal skin "Keepyawk" {Str+3} (Okawaru
                  | gifted it to you on level 4 of the Snake Pit)
 30329 | Snake:4  | Received a gift from Okawaru
 30358 | Snake:4  | Reached skill level 10 in Invocations
 30452 | Snake:4  | Reached skill level 5 in Dodging
 30523 | Snake:4  | Noticed Vashnia
 30546 | Snake:4  | Killed Vashnia
 31198 | Snake:4  | Got a serpentine rune of Zot
 31793 | Shoals:1 | Bought a ring of flight for 245 gold pieces
 31821 | Shoals:1 | Noticed a kraken
 31838 | Shoals:1 | Killed a kraken
 32169 | Shoals:2 | Received a gift from Okawaru
 32456 | Shoals:2 | Found Rategeh's Weapon Shoppe.
 33477 | Shoals:3 | Found Neror's Distillery.
 33490 | Shoals:3 | Identified the +0 ring mail of the Wheelwright {rCorr Str+4
                  | Dex-4} (Okawaru gifted it to you on level 3 of the Shoals)
 33490 | Shoals:3 | Received a gift from Okawaru
 33512 | Shoals:3 | Identified the +9 dagger of Empitax {flame, rElec rPois}
 33909 | Shoals:4 | Entered Level 4 of the Shoals
 33949 | Shoals:4 | Noticed a kraken
 33964 | Shoals:4 | Killed a kraken
 33965 | Shoals:4 | Reached XP level 18. HP: 142/146 MP: 26/26
 33995 | Shoals:4 | Got a barnacled rune of Zot
 34112 | Shoals:4 | Reached skill level 21 in Axes
 34151 | Shoals:4 | Noticed Polyphemus
 34174 | Shoals:4 | Killed Polyphemus
 34491 | Shoals:4 | Noticed Mara
 34504 | Arena    | Entered the Arena
 34520 | Arena    | Noticed Zeldest's illusion
 34527 | Arena    | Killed from afar by Mara (illusionary)

Illustrated notes

Levels and vault maps discovered:
D:1:      spicycebolla_arrival_clurvy, layout_loops_ring
D:2:      layout_loops_ring, shapermc_ecumenical_altar_flowoftime,
          minmay_misc_feat_rugged
D:3:      layout_rooms, good_gods_mini_temple, nzn_wu_jian_contemplation,
          serial_shops, shop
D:4:      layout_layer_cave, lemuel_mausoleum_altar_yredelemnul,
          kennysheep_orc_chapel
D:5:      layout_basic
D:6:      layout_loops_ring, minmay_temple_entry_slanted, fountainhead,
          chequers_decorated_corner
D:7:      layout_layer_cave, nicolae_hepliaklqana_hazy_memory,
          grunt_temple_overflow_open
D:8:      layout_rooms, nzn_makhleb_speed_demon, serial_shops,
          nicolae_shop_gaudy_bauble, uniq_grum, uniq_psyche, uniq_maggie
D:9:      gammafunk_beogh_shrine, layout_basic, lair_entry_dummy
D:10:     layout_cave_pools, slow_altar_2, hangedman_abyss_or_decor_stagger,
          chequers_serial_rivers_micro_b, uniq_fannar
D:11:     layout_loops_ring, gammafunk_ghost_arena, serial_park_tiny_pond
D:12:     layout_stronghold, david_orc_4, nzn_life_drinkers
D:13:     layout_loops_ring, grunt_decor_clamped,
          nicolae_dithmenos_the_darkroom, uniq_frances
D:14:     layout_cave_pods, ximxim_vaults_locker_room, elyvilon_altar_3,
          serial_shops, shop, gammafunk_ghost_smash, grunt_ministairs_13
D:15:     hangedman_depths_entry_civil_slaughter, layout_cave_pods,
          lemuel_doored_altar, drop_trap, uniq_azrael
Temple:   chequers_temple_sunken
Lair:1:   layout_long_grid, grunt_megastairs_4, lemuel_fruit_tree, uniq_erica
Lair:2:   layout_loops_ring, nicolae_snake_entry_squirm,
          nicolae_volcano_entry_lava_flow
Lair:3:   layout_roguey, nicolae_shoals_entry_roost
Lair:4:   layout_gridlike, infiniplex_staircase_pool_2, uniq_urug, uniq_kirke
Lair:5:   hangedman_lair_caniforms_friends, layout_big_grid, slime_entry_1,
          st_stairs_7
Shoals:1: layout_shoals, serial_shops, nicolae_shop_peninsula,
          ebering_ghost_xom, lemuel_oklob_altar
Shoals:2: layout_shoals, serial_shops, nicolae_shop_bloodbath_and_beyond
Shoals:3: layout_shoals, serial_shops, shop
Shoals:4: shoals_end_grunt_ice, layout_shoals, nicolae_shoals_square_sea_wall,
          uniq_mara, uniq_polyphemus
Snake:1:  layout_onion
Snake:2:  layout_concentric_octagons, serial_shops, shop, grunt_ministairs_5,
          grunt_megastairs_5
Snake:3:  layout_rooms, uniq_bai_suzhen, uniq_aizul
Snake:4:  snake_pit_salamanders_mu, layout_cave_shapes, serial_bayou_shore_b,
          uniq_vashnia
Orc:1:    layout_diamond_mine, basic_altar, nicolae_shop_overcharged_wands
Orc:2:    st_orc_elflike, layout_diamond_mine, basic_altar,
          portal_ice_cave_entry_pillars_1
Arena

Skill      XL: |  1  2  3  4  5  6  7  8  9 10 11 12 13 14 15 16 17 18 |
---------------+-------------------------------------------------------+-----
Axes           | 3 4 5 6 8 9 11 12 13 14 17 19 20 21 | 21.0
Fighting       | 3 4 5 7 8 9 10 11 12 14 | 14.2
Armour         | 1 2 3 5 6 8 |  8.5
Invocations    | 3 5 6 7 8 9 11 | 11.3
Shields        | 1 3 4 |  4.3
Dodging        | 4 6 7 |  7.0
Throwing       | |  1.5

Action                     |  1- 3 |  4- 6 |  7- 9 | 10-12 | 13-15 | 16-18 || total
---------------------------+-------+-------+-------+-------+-------+-------++-------
  Melee: War axe           |   116 |   113 |   365 |       |       |       ||   594
         Punch             |     2 |     1 |     6 |     8 |       |       ||    17
         Battleaxe         |       |       |    10 |     9 |   515 |  1107 ||  1641
         Broad axe         |       |       |       |   455 |   221 |       ||   676
         Executioner's axe |       |       |       |       |   219 |       ||   219
 Invoke: Heroism           |       |       |       |     7 |    12 |    17 ||    36
         Finesse           |       |       |       |       |     2 |     3 ||     5
         Duel              |       |       |       |       |     1 |     3 ||     4
  Evoke: Wand              |       |       |       |    10 |    15 |     6 ||    31
         Lightning rod     |       |       |       |       |     1 |       ||     1
    Use: Scroll            |       |       |     5 |    23 |     7 |     2 ||    37
   Stab: Distracted        |     1 |       |       |     1 |       |       ||     2
         Sleeping          |     1 |       |       |       |       |       ||     1
         Paralysed         |       |       |       |       |     2 |       ||     2
 Armour: Leather armour    |    11 |       |       |       |       |       ||    11
         Chain mail        |    57 |    73 |   268 |    81 |       |       ||   479
         Scale mail        |       |       |       |    99 |       |       ||    99
         Robe              |       |       |       |     1 |       |       ||     1
         Crystal plate arm |       |       |       |    55 |       |       ||    55
         Plate armour      |       |       |       |    53 |   764 |   839 ||  1656
  Dodge: Dodged            |    80 |    57 |   232 |   230 |   613 |   766 ||  1978
  Block: Buckler           |       |       |       |    21 |    81 |       ||   102

Table legend: (Time is in decaauts)
 A = Elapsed time spent in this place.
 B = Non-inter-level travel time spent in this place.
 C = Inter-level travel time spent in this place.
 D = Time resting spent in this place.
 E = Time spent auto-exploring this place.
 F = Levels seen in this place.
 G = Mean time per level.
                   A        B        C        D        E       F      G
               +--------+--------+--------+--------+--------+-----+--------+
         Total |  34362 |  31154 |   3208 |   8604 |  16262 |  36 |  954.5 |
       Dungeon |  17863 |  16095 |   1768 |   4677 |   8593 |  15 | 1190.9 |
        Temple |     29 |     19 |     10 |      0 |      9 |   1 |   29.0 |
          Lair |   6926 |   6158 |    768 |   2468 |   2756 |   5 | 1385.2 |
        Shoals |   4105 |   3936 |    169 |    520 |   2388 |   4 | 1026.2 |
     Snake Pit |   3468 |   3226 |    242 |    801 |   1588 |   4 |  867.0 |
  Orcish Mines |   1137 |    888 |    249 |     88 |    607 |   2 |  568.5 |
      Ice Cave |    664 |    664 |      0 |     19 |    320 |   1 |  664.0 |
       Volcano |    113 |    113 |      0 |      0 |      0 |   1 |  113.0 |
         Arena |     53 |     53 |      0 |     31 |      0 |   3 |   17.7 |
               +--------+--------+--------+--------+--------+-----+--------+

Top non-repeatable levels by time:
     D:4: 2030 daAuts
     D:7: 2008 daAuts
    D:12: 1820 daAuts
  Lair:3: 1723 daAuts
     D:9: 1580 daAuts
    D:14: 1510 daAuts
Shoals:1: 1432 daAuts
  Lair:1: 1365 daAuts
    D:15: 1347 daAuts
  Lair:5: 1340 daAuts
  Lair:4: 1324 daAuts
    D:11: 1307 daAuts
  Lair:2: 1171 daAuts
Shoals:3: 1141 daAuts
 Snake:2: 1111 daAuts
